WCHLSIM.com - West Coast Hockey League
html PUBLIC "-//W3C//DTD XHTML 1.0 Transitional//EN" "http://www.w3.org/TR/xhtml1/DTD/xhtml1-transitional.dtd"> WCHL - Game 1137 - SEATTLE GRUNGE vs OAKLAND GORILLAS

SEATTLE GRUNGE vs OAKLAND GORILLAS

Created - 1 avril 2024 at 15:51

Goals
1 2 3 T
SEATTLE GRUNGE 0 0 1 1
OAKLAND GORILLAS 1 1 0 2
Shots
1 2 3 T
SEATTLE GRUNGE 1 8 11 20
OAKLAND GORILLAS 10 6 6 22

1st period

1. OAKLAND GORILLAS , Jordan Kyrou 24 (Logan Couture 56) at 0:56

Penalties :
Curtis Lazar (SEA) for Hooking (Minor) at 9:06, Marcus Foligno (OAK) for Slashing (Minor) at 19:13

2nd period

2. OAKLAND GORILLAS , Patrik Laine 18 (Logan Couture 57, Cameron York 14) at 19:21

Penalties :
Kaiden Guhle (SEA) for Roughing (Minor) at 13:41, Radim Simek (SEA) for Interference (Minor) at 16:06

3rd period

3. SEATTLE GRUNGE , Matthew Poitras 9 (Kaiden Guhle 23, Morgan Geekie 15) at 17:42

Penalties :
No Penalty

Goalie Stats

Karel Vejmelka (SEA), 20 saves from 22 shots - (0,909), L, 25-35-6, 60:00 minutes
Alexandar Georgiev (OAK), 19 saves from 20 shots - (0,950), W, 33-24-5, 60:00 minutes

Players Stats for SEATTLE GRUNGE

Player Name              G  A  P  +/- PIM S  H  SB GA TA FO     MP     PP MP  PK MP  
------------------------------------------------------------------------------------
Alexey Toropchenko       0  0  0   0  0   0  0  0  0  0  2/3     9:25   0:00   3:26 
Brett Kulak              0  0  0  -1  0   0  4  1  0  0  0/0    20:13   0:40   3:46 
Chris Tierney            0  0  0   0  0   0  0  0  0  0  0/1     5:59   0:00   0:00 
Curtis Lazar             0  0  0   0  2   1  0  0  0  0  4/11    8:46   0:46   2:02 
Jakub Vrana              0  0  0   0  0   1  0  0  0  0  0/0    12:28   0:00   0:00 
Jimmy Vesey              0  0  0   0  0   0  2  0  0  0  0/0    15:39   0:00   3:11 
Kaiden Guhle             0  1  1   0  2   1  1  3  0  0  0/0    22:12   0:40   1:37 
Matthew Poitras          1  0  1  -1  0   3  0  0  0  0  4/19   18:43   0:40   0:29 
Morgan Geekie            0  1  1  -1  0   0  1  0  0  0  1/2    17:32   1:26   0:00 
Nick Seeler              0  0  0   0  0   0  0  0  0  0  0/0    15:53   0:00   0:42 
Radim Simek              0  0  0   0  2   1  5  2  0  0  0/0    17:38   0:00   0:00 
Sean Monahan             0  0  0   0  0   1  0  1  0  0  8/16   17:46   0:33   0:00 
Travis Boyd              0  0  0   0  0   2  1  0  0  0  2/11   12:28   0:00   0:00 
Travis Sanheim           0  0  0  -1  0   2  1  3  0  0  0/0    23:05   1:19   2:32 
Tyler Seguin             0  0  0   0  0   0  0  0  0  0  0/2    18:04   0:33   0:00 
Warren Foegele           0  0  0  -1  0   1  2  0  0  0  0/1    17:32   1:26   0:00 
William Borgen           0  0  0   0  0   1  1  0  0  0  0/0    19:47   1:19   3:17 
William Nylander         0  0  0   0  0   6  2  0  0  0  1/4    20:50   0:33   2:46 

Players Stats for OAKLAND GORILLAS

Player Name              G  A  P  +/- PIM S  H  SB GA TA FO     MP     PP MP  PK MP  
------------------------------------------------------------------------------------
Aleksander Barkov        0  0  0   0  0   3  1  0  0  0  12/20  19:45   2:45   0:00 
Alex Pietrangelo         0  0  0   0  0   0  0  0  0  0  0/0    21:59   2:53   0:58 
Cameron York             0  1  1   1  0   0  1  1  0  0  0/0    17:12   0:00   0:00 
Colton Sissons           0  0  0  -1  0   1  0  0  0  0  2/2    17:38   0:00   1:12 
David Kampf              0  0  0  -1  0   0  0  0  0  0  0/0    17:13   0:00   0:47 
Gabriel Dumont           0  0  0   0  0   0  0  0  0  0  0/0     2:21   0:00   0:00 
Hampus Lindholm          0  0  0   0  0   1  0  0  0  0  0/0    21:59   2:53   0:58 
Jack McBain              0  0  0   0  0   0  0  0  0  0  0/0     2:46   0:00   0:47 
Jamie Oleksiak           0  0  0   0  0   0  1  1  0  0  0/0    17:45   0:00   1:01 
Jared Spurgeon           0  0  0   0  0   2  0  0  0  0  0/0    21:11   3:04   1:01 
Jordan Kyrou             1  0  1   2  0   3  1  0  0  0  0/0    19:51   3:12   0:00 
Logan Couture            0  2  2   2  0   2  2  0  0  0  17/25  19:51   3:12   0:00 
Marcus Foligno           0  0  0   0  2   1  1  1  0  0  0/0    16:37   0:00   0:00 
Mark Stone               0  0  0   0  0   3  0  0  0  0  0/0    19:45   2:45   0:00 
Patrice Bergeron         0  0  0  -1  0   1  0  0  0  0  16/22  22:22   2:45   1:12 
Patrik Laine             1  0  1   2  0   4  0  0  0  0  1/1    19:51   3:12   0:00 
Shayne Gostisbehere      0  0  0   1  0   1  0  0  0  0  0/0    19:54   3:04   0:00 
Vincent Desharnais       0  0  0   0  0   0  0  0  0  0  0/0     0:00   0:00   0:00 

3 Stars

1 - Logan Couture (OAK)
2 - Jordan Kyrou (OAK)
3 - Patrik Laine (OAK)

Power Play

SEATTLE GRUNGE - 0 on 1 Attempt(s) - 0,00%
OAKLAND GORILLAS - 0 on 3 Attempt(s) - 0,00%

Penalty Kill

SEATTLE GRUNGE - 3 on 3 Attempt(s) - 100,00% - Score 0 goal in Penalty Kill
OAKLAND GORILLAS - 1 on 1 Attempt(s) - 100,00% - Score 0 goal in Penalty Kill

Team Stat

SEATTLE GRUNGE - Hits : 20 - Faceoff Wins : 22 - Blocked Shots : 10 - Penalty Minutes : 6
OAKLAND GORILLAS - Hits : 7 - Faceoff Wins : 48 - Blocked Shots : 3 - Penalty Minutes : 2

Official

Referees : Kevin Pollock and Ben O'Quinn
Linesman : Bryan Pancich and Jeff Walker

Game Notes

No Game Note

Finance

Level 1 -- Attendance: 4739 (78,98%) -- Ticket Income 853 020 $
Level 2 -- Attendance: 5000 (100,00%) -- Ticket Income 500 000 $
Level 3 -- Attendance: 1969 (98,45%) -- Ticket Income 187 055 $
Level 4 -- Attendance: 3302 (82,55%) -- Ticket Income 247 650 $
Luxury Box -- Attendance: 1000 (100,00%) -- Ticket Income 240 000 $
Total Attendance: 16010 (88,94%)
Total Ticket Income: 2 027 725 $
Other Expense: 20 277 $
Total Income: 2 007 448 $

SEATTLE GRUNGE

5 vs 5 Forward 
   Center                   Left Wing                Right Wing               Time % Phy DF OF 
 1 Sean Monahan             Tyler Seguin             William Nylander         36     1   2  2  
 2 Matthew Poitras          Warren Foegele           Morgan Geekie            31     1   2  2  
 3 Travis Boyd              Jakub Vrana              Jimmy Vesey              23     1   2  2  
 4 Curtis Lazar             Chris Tierney            Alexey Toropchenko       10     1   2  2  

5 vs 5 Defense 
   Defense                  Defense                                           Time % Phy DF OF 
 1 Travis Sanheim           Brett Kulak                                       37     1   2  2  
 2 Kaiden Guhle             Radim Simek                                       34     1   2  2  
 3 William Borgen           Nick Seeler                                       29     1   2  2  
 4 Kaiden Guhle             Travis Sanheim                                    0      1   2  2  

PowerPlay Forward 
   Center                   Left Wing                Right Wing               Time % Phy DF OF 
 1 Sean Monahan             Tyler Seguin             William Nylander         55     1   2  2  
 2 Matthew Poitras          Warren Foegele           Morgan Geekie            45     1   2  2  

PowerPlay Defense
   Defense                  Defense                                           Time % Phy DF OF 
 1 Travis Sanheim           William Borgen                                    55     1   2  2  
 2 Kaiden Guhle             Brett Kulak                                       45     1   2  2  

Penalty Kill 4 Players Forward 
   Center                   Wing                     Time % Phy DF OF 
 1 Curtis Lazar             Jimmy Vesey              55     1   2  2  
 2 William Nylander         Alexey Toropchenko       45     1   2  2  

Penalty Kill 4 Players Defense
   Defense                  Defense                  Time % Phy DF OF 
 1 William Borgen           Brett Kulak              55     1   2  2  
 2 Kaiden Guhle             Travis Sanheim           45     1   2  2  

Penalty Kill - 3 Players Forward 
   Forward                                           Time % Phy DF OF 
 1 Curtis Lazar                                      55     1   2  2  
 2 William Nylander                                  45     1   2  2  

Penalty Kill - 3 Players Defense
   Defense                  Defense                  Time % Phy DF OF 
 1 William Borgen           Brett Kulak              55     1   2  2  
 2 Kaiden Guhle             Travis Sanheim           45     1   2  2  

4 vs 4 Forward 
   Center                   Wing                     Time % Phy DF OF 
 1 Tyler Seguin             Sean Monahan             55     1   2  2  
 2 Travis Boyd              William Nylander         45     1   2  2  

4 vs 4 Defense
   Defense                  Defense                  Time % Phy DF OF 
 1 Travis Sanheim           Brett Kulak              55     1   2  2  
 2 Kaiden Guhle             William Borgen           45     1   2  2  

Last Minutes Offensive
   Center                   Left Wing                Right Wing               Defense                  Defense                  
   Sean Monahan             Tyler Seguin             William Nylander         Travis Boyd              Brett Kulak              

Last Minutes Defensive
   Center                   Left Wing                Right Wing               Defense                  Defense                  
   Sean Monahan             Tyler Seguin             William Nylander         Travis Boyd              Brett Kulak              

Goaltenders
Starting : Karel Vejmelka           
Backup : Casey DeSmith            

Extra Forwards
Normal : Curtis Lazar, Jakub Vrana, Alexey Toropchenko - PP : Curtis Lazar, Jakub Vrana - PK : Alexey Toropchenko
Extra Defensemen
Normal : William Borgen, Nick Seeler, Kaiden Guhle - PP : William Borgen - PK : Nick Seeler, Kaiden Guhle
Penalty Shots
Alexey Toropchenko, William Nylander, Travis Boyd, Curtis Lazar, Jimmy Vesey
Custom OT Lines Forwards
William Nylander, Sean Monahan, Travis Boyd, Tyler Seguin, Jimmy Vesey, Morgan Geekie, Curtis Lazar, Jakub Vrana, Alexey Toropchenko, Travis Sanheim
Custom OT Lines Defensemen
Travis Boyd, Brett Kulak, Kaiden Guhle, Nick Seeler, William Borgen

Scratches
Connor Dewar (Healthy), Rem Pitlick (Healthy)

OAKLAND GORILLAS

5 vs 5 Forward 
   Center                   Left Wing                Right Wing               Time % Phy DF OF 
 1 Aleksander Barkov        Marcus Foligno           Mark Stone               34     0   2  3  
 2 Logan Couture            Patrik Laine             Jordan Kyrou             34     0   2  3  
 3 Patrice Bergeron         David Kampf              Colton Sissons           32     0   2  3  
 4 Patrice Bergeron         Jack McBain              Gabriel Dumont           0      1   4  0  

5 vs 5 Defense 
   Defense                  Defense                                           Time % Phy DF OF 
 1 Hampus Lindholm          Alex Pietrangelo                                  34     0   2  3  
 2 Jared Spurgeon           Jamie Oleksiak                                    33     0   2  3  
 3 Cameron York             Shayne Gostisbehere                               33     1   3  1  
 4 Alex Pietrangelo         Hampus Lindholm                                   0      0   2  3  

PowerPlay Forward 
   Center                   Left Wing                Right Wing               Time % Phy DF OF 
 1 Aleksander Barkov        Patrice Bergeron         Mark Stone               55     0   0  5  
 2 Logan Couture            Patrik Laine             Jordan Kyrou             45     0   0  5  

PowerPlay Defense
   Defense                  Defense                                           Time % Phy DF OF 
 1 Alex Pietrangelo         Hampus Lindholm                                   60     0   2  3  
 2 Shayne Gostisbehere      Jared Spurgeon                                    40     0   2  3  

Penalty Kill 4 Players Forward 
   Center                   Wing                     Time % Phy DF OF 
 1 Patrice Bergeron         Colton Sissons           55     1   4  0  
 2 David Kampf              Marcus Foligno           45     1   4  0  

Penalty Kill 4 Players Defense
   Defense                  Defense                  Time % Phy DF OF 
 1 Alex Pietrangelo         Hampus Lindholm          55     1   4  0  
 2 Jared Spurgeon           Jamie Oleksiak           45     1   4  0  

Penalty Kill - 3 Players Forward 
   Forward                                           Time % Phy DF OF 
 1 Aleksander Barkov                                 55     1   4  0  
 2 Logan Couture                                     45     1   4  0  

Penalty Kill - 3 Players Defense
   Defense                  Defense                  Time % Phy DF OF 
 1 Hampus Lindholm          Alex Pietrangelo         55     1   4  0  
 2 Jared Spurgeon           Jamie Oleksiak           45     1   4  0  

4 vs 4 Forward 
   Center                   Wing                     Time % Phy DF OF 
 1 Logan Couture            Mark Stone               55     1   2  2  
 2 Aleksander Barkov        Patrik Laine             45     1   2  2  

4 vs 4 Defense
   Defense                  Defense                  Time % Phy DF OF 
 1 Hampus Lindholm          Alex Pietrangelo         55     1   2  2  
 2 Jared Spurgeon           Jamie Oleksiak           45     1   2  2  

Last Minutes Offensive
   Center                   Left Wing                Right Wing               Defense                  Defense                  
   Aleksander Barkov        Logan Couture            Mark Stone               Hampus Lindholm          Alex Pietrangelo         

Last Minutes Defensive
   Center                   Left Wing                Right Wing               Defense                  Defense                  
   Aleksander Barkov        Gabriel Dumont           Mark Stone               Hampus Lindholm          Alex Pietrangelo         

Goaltenders
Starting : Alexandar Georgiev       
Backup : Thomas Greiss            

Extra Forwards
Normal : Aleksander Barkov, Logan Couture, Mark Stone - PP : Patrice Bergeron, Colton Sissons - PK : David Kampf
Extra Defensemen
Normal : Alex Pietrangelo, Hampus Lindholm, Jared Spurgeon - PP : Cameron York - PK : Cameron York, Shayne Gostisbehere
Penalty Shots
Aleksander Barkov, Logan Couture, Mark Stone, Jordan Kyrou, Patrice Bergeron
Custom OT Lines Forwards
Aleksander Barkov, Logan Couture, Mark Stone, Patrice Bergeron, Jordan Kyrou, Gabriel Dumont, Patrik Laine, Colton Sissons, Marcus Foligno, David Kampf
Custom OT Lines Defensemen
Alex Pietrangelo, Hampus Lindholm, Jared Spurgeon, Jamie Oleksiak, Cameron York

Scratches
Ilya Mikheyev (Upper Body Injury), Brock Nelson (Broken Bone (Left Arm) Injury)

% Time on Ice - SEATTLE GRUNGE

Lines # - Real PCT - Wanted PCT - Time Play
Normal Forward
1 - 34% - 36% - 17:31
2 - 31% - 31% - 16:06
3 - 24% - 23% - 12:28
4 - 11% - 10% - 5:59
Normal Defense
1 - 33% - 37% - 16:57
2 - 34% - 34% - 17:39
3 - 29% - 29% - 15:11
4 - 4% - 0% - 2:17
PP Forward
1 - 28% - 55% - 0:33
2 - 72% - 45% - 1:26
PP Defense
1 - 66% - 55% - 1:19
2 - 34% - 45% - 0:40
PK Forward
1 - 54% - 55% - 3:11
2 - 46% - 45% - 2:46
PK Defense
1 - 57% - 55% - 3:25
2 - 43% - 45% - 2:32
PK3 Forward
1 - 0% - 55%
2 - 0% - 45%
PK3 Defense
1 - 0% - 55%
2 - 0% - 45%
44 Forward
1 - 0% - 55%
2 - 0% - 45%
44 Defense
1 - 0% - 55%
2 - 0% - 45%
Last Minute Offensive  - 0:00
Last Minute Defensive  - 0:00
Total
Forward - 60:00
Defense - 60:00

% Time on Ice - OAKLAND GORILLAS

Lines # - Real PCT - Wanted PCT - Time Play
Normal Forward
1 - 32% - 34% - 16:38
2 - 32% - 34% - 16:39
3 - 32% - 32% - 16:26
4 - 4% - 0% - 1:59
Normal Defense
1 - 35% - 34% - 18:08
2 - 32% - 33% - 16:44
3 - 33% - 33% - 16:50
4 - 0% - 0% - 0:00
PP Forward
1 - 46% - 55% - 2:45
2 - 54% - 45% - 3:12
PP Defense
1 - 48% - 60% - 2:53
2 - 52% - 40% - 3:04
PK Forward
1 - 61% - 55% - 1:12
2 - 39% - 45% - 0:47
PK Defense
1 - 49% - 55% - 0:58
2 - 51% - 45% - 1:01
PK3 Forward
1 - 0% - 55%
2 - 0% - 45%
PK3 Defense
1 - 0% - 55%
2 - 0% - 45%
44 Forward
1 - 0% - 55%
2 - 0% - 45%
44 Defense
1 - 0% - 55%
2 - 0% - 45%
Last Minute Offensive  - 0:00
Last Minute Defensive  - 0:22
Total
Forward - 60:00
Defense - 60:00

Play-by-Play

1st period


0:01 of 1st period - Sean Monahan wins face-off versus Aleksander Barkov in neutral zone.
0:28 of 1st period - Shot by Mark Stone.
0:28 of 1st period - Stopped by Karel Vejmelka without a rebound.
0:29 of 1st period - Logan Couture wins face-off versus Matthew Poitras in SEATTLE GRUNGE zone.
0:29 of 1st period - Patrik Laine is hit by Radim Simek and loses puck.
0:36 of 1st period - Shot by Logan Couture.
0:36 of 1st period - Stopped by Karel Vejmelka without a rebound.
0:37 of 1st period - Travis Boyd wins face-off versus Patrice Bergeron in SEATTLE GRUNGE zone.
0:52 of 1st period - Off-side.
0:53 of 1st period - Logan Couture wins face-off versus Warren Foegele in neutral zone.
0:56 of 1st period - Shot by Jordan Kyrou.
0:56 of 1st period - Goal by Jordan Kyrou - SEATTLE GRUNGE : 0 - OAKLAND GORILLAS : 1.
0:57 of 1st period - Logan Couture wins face-off versus Chris Tierney in neutral zone.
1:19 of 1st period - Shot by Logan Couture.
1:19 of 1st period - Shot Misses the Net.
1:33 of 1st period - Shot by Logan Couture.
1:33 of 1st period - Stopped by Karel Vejmelka without a rebound.
1:34 of 1st period - Colton Sissons wins face-off versus Matthew Poitras in SEATTLE GRUNGE zone.
2:38 of 1st period - Shot by Mark Stone.
2:38 of 1st period - Deflect By Aleksander Barkov.
2:38 of 1st period - Stopped by Karel Vejmelka without a rebound.
2:39 of 1st period - Logan Couture wins face-off versus Tyler Seguin in SEATTLE GRUNGE zone.
2:40 of 1st period - Shot by Patrik Laine.
2:40 of 1st period - Stopped by Karel Vejmelka without a rebound.
2:41 of 1st period - Aleksander Barkov wins face-off versus Sean Monahan in SEATTLE GRUNGE zone.
3:13 of 1st period - Aleksander Barkov is hit by Brett Kulak and loses puck.
3:29 of 1st period - Aleksander Barkov is hit by Brett Kulak and loses puck.
5:03 of 1st period - Icing by Chris Tierney.
5:04 of 1st period - Patrice Bergeron wins face-off versus Curtis Lazar in SEATTLE GRUNGE zone.
5:56 of 1st period - Icing by Kaiden Guhle.
5:57 of 1st period - Aleksander Barkov wins face-off versus Matthew Poitras in SEATTLE GRUNGE zone.
7:34 of 1st period - Off-side.
7:35 of 1st period - Patrice Bergeron wins face-off versus Travis Boyd in neutral zone.
7:35 of 1st period - Patrice Bergeron is hit by Travis Boyd.
7:52 of 1st period - Patrice Bergeron is hit by William Borgen and loses puck.
9:03 of 1st period - Shot by William Nylander.
9:03 of 1st period - Stopped by Alexandar Georgiev without a rebound.
9:04 of 1st period - Logan Couture wins face-off versus Curtis Lazar in OAKLAND GORILLAS zone.
9:06 of 1st period - Minor Penalty to Curtis Lazar for Hooking.
9:07 of 1st period - Logan Couture wins face-off versus Alexey Toropchenko in SEATTLE GRUNGE zone.
9:08 of 1st period - Shot by Hampus Lindholm.
9:08 of 1st period - Shot Misses the Net.
9:10 of 1st period - Shot by Logan Couture.
9:10 of 1st period - Shot Blocked by Brett Kulak.
9:12 of 1st period - Shot by Jordan Kyrou.
9:12 of 1st period - Shot Blocked by Kaiden Guhle.
9:14 of 1st period - Shot by Hampus Lindholm.
9:14 of 1st period - Stopped by Karel Vejmelka without a rebound.
9:15 of 1st period - Alexey Toropchenko wins face-off versus Aleksander Barkov in SEATTLE GRUNGE zone.
9:42 of 1st period - Shot by Mark Stone.
9:42 of 1st period - Stopped by Karel Vejmelka without a rebound.
9:43 of 1st period - William Nylander wins face-off versus Logan Couture in SEATTLE GRUNGE zone.
9:47 of 1st period - Off-side.
9:48 of 1st period - Alexey Toropchenko wins face-off versus Logan Couture in neutral zone.
10:52 of 1st period - Shot by Mark Stone.
10:52 of 1st period - Shot Misses the Net.
11:17 of 1st period - Icing by Kaiden Guhle.
11:18 of 1st period - Aleksander Barkov wins face-off versus Matthew Poitras in SEATTLE GRUNGE zone.
11:43 of 1st period - Aleksander Barkov is hit by Radim Simek and loses puck.
11:46 of 1st period - Shot by Mark Stone.
11:46 of 1st period - Shot Misses the Net.
11:56 of 1st period - Shot by Aleksander Barkov.
11:56 of 1st period - Shot Misses the Net.
12:25 of 1st period - Logan Couture is hit by Radim Simek and loses puck.
12:48 of 1st period - Shot by Jordan Kyrou.
12:48 of 1st period - Shot Blocked by Radim Simek.
13:22 of 1st period - Shot by Colton Sissons.
13:22 of 1st period - Shot Misses the Net.
13:24 of 1st period - Shot by Colton Sissons.
13:24 of 1st period - Shot Misses the Net.
13:26 of 1st period - Shot by Jared Spurgeon.
13:26 of 1st period - Stopped by Karel Vejmelka without a rebound.
13:27 of 1st period - Sean Monahan wins face-off versus Aleksander Barkov in SEATTLE GRUNGE zone.
14:04 of 1st period - Shot by Mark Stone.
14:04 of 1st period - Shot Blocked by Travis Sanheim.
14:06 of 1st period - Shot by Alex Pietrangelo.
14:06 of 1st period - Shot Blocked by Travis Sanheim.
15:15 of 1st period - William Borgen is hit by Cameron York and loses puck.
16:40 of 1st period - Shot by Aleksander Barkov.
16:40 of 1st period - Stopped by Karel Vejmelka with a rebound.
17:11 of 1st period - Icing by William Borgen.
17:12 of 1st period - Patrice Bergeron wins face-off versus Travis Boyd in SEATTLE GRUNGE zone.
17:19 of 1st period - Shot by Jack McBain.
17:19 of 1st period - Shot Misses the Net.
17:25 of 1st period - Jamie Oleksiak is hit by Jimmy Vesey and loses puck.
19:13 of 1st period - Minor Penalty to Marcus Foligno for Slashing.
19:14 of 1st period - Curtis Lazar wins face-off versus Patrice Bergeron in OAKLAND GORILLAS zone.
Goals for this period are 0 for SEATTLE GRUNGE vs 1 for OAKLAND GORILLAS.
Shots for this period are 1 for SEATTLE GRUNGE vs 10 for OAKLAND GORILLAS.

2nd period


0:01 of 2nd period - Patrice Bergeron wins face-off versus Sean Monahan in neutral zone.
0:32 of 2nd period - Off-side.
0:33 of 2nd period - Patrice Bergeron wins face-off versus Matthew Poitras in neutral zone.
1:13 of 2nd period - Shot by Matthew Poitras.
1:13 of 2nd period - Stopped by Alexandar Georgiev without a rebound.
1:14 of 2nd period - Sean Monahan wins face-off versus Logan Couture in OAKLAND GORILLAS zone.
1:15 of 2nd period - Shot by William Nylander.
1:15 of 2nd period - Stopped by Alexandar Georgiev with a rebound.
1:17 of 2nd period - Shot by William Nylander.
1:17 of 2nd period - Shot Hit the Post.
1:19 of 2nd period - Shot by Sean Monahan.
1:19 of 2nd period - Deflect By William Nylander.
1:19 of 2nd period - Shot Blocked by Cameron York.
1:21 of 2nd period - Shot by William Borgen.
1:21 of 2nd period - Stopped by Alexandar Georgiev without a rebound.
1:22 of 2nd period - Sean Monahan wins face-off versus Patrice Bergeron in OAKLAND GORILLAS zone.
1:44 of 2nd period - Patrice Bergeron is hit by William Nylander and loses puck.
1:56 of 2nd period - Shot by David Kampf.
1:56 of 2nd period - Shot Misses the Net.
2:30 of 2nd period - Shot by Jordan Kyrou.
2:30 of 2nd period - Stopped by Karel Vejmelka without a rebound.
2:31 of 2nd period - Matthew Poitras wins face-off versus Aleksander Barkov in SEATTLE GRUNGE zone.
2:48 of 2nd period - Shot by Matthew Poitras.
2:48 of 2nd period - Stopped by Alexandar Georgiev without a rebound.
2:49 of 2nd period - Logan Couture wins face-off versus Travis Boyd in OAKLAND GORILLAS zone.
3:59 of 2nd period - Icing by Brett Kulak.
4:00 of 2nd period - Aleksander Barkov wins face-off versus Travis Boyd in SEATTLE GRUNGE zone.
5:07 of 2nd period - Shot by Sean Monahan.
5:07 of 2nd period - Shot Blocked by Marcus Foligno.
5:27 of 2nd period - Shot by William Nylander.
5:27 of 2nd period - Stopped by Alexandar Georgiev without a rebound.
5:28 of 2nd period - Morgan Geekie wins face-off versus Patrice Bergeron in OAKLAND GORILLAS zone.
6:37 of 2nd period - Shot by Curtis Lazar.
6:37 of 2nd period - Stopped by Alexandar Georgiev with a rebound.
6:40 of 2nd period - Icing by Jamie Oleksiak.
6:41 of 2nd period - Sean Monahan wins face-off versus Logan Couture in OAKLAND GORILLAS zone.
7:35 of 2nd period - Marcus Foligno is hit by William Nylander and loses puck.
9:54 of 2nd period - Shot by Jordan Kyrou.
9:54 of 2nd period - Shot Misses the Net.
10:02 of 2nd period - Jared Spurgeon is hit by Morgan Geekie and loses puck.
10:06 of 2nd period - Icing by Jared Spurgeon.
10:07 of 2nd period - Logan Couture wins face-off versus Travis Boyd in OAKLAND GORILLAS zone.
10:07 of 2nd period - Logan Couture is hit by Jimmy Vesey.
10:23 of 2nd period - Icing by Cameron York.
10:24 of 2nd period - Aleksander Barkov wins face-off versus Curtis Lazar in OAKLAND GORILLAS zone.
10:33 of 2nd period - Shot by Shayne Gostisbehere.
10:33 of 2nd period - Stopped by Karel Vejmelka with a rebound.
11:09 of 2nd period - Shot by Mark Stone.
11:09 of 2nd period - Deflect By Aleksander Barkov.
11:09 of 2nd period - Shot Blocked by Kaiden Guhle.
11:43 of 2nd period - Shot by Patrice Bergeron.
11:43 of 2nd period - Stopped by Karel Vejmelka without a rebound.
11:44 of 2nd period - Logan Couture wins face-off versus Matthew Poitras in SEATTLE GRUNGE zone.
11:49 of 2nd period - Shot by Jordan Kyrou.
11:49 of 2nd period - Shot Misses the Net.
11:51 of 2nd period - Shot by Logan Couture.
11:51 of 2nd period - Shot Misses the Net.
12:16 of 2nd period - Icing by Jamie Oleksiak.
12:17 of 2nd period - Travis Boyd wins face-off versus Logan Couture in OAKLAND GORILLAS zone.
12:18 of 2nd period - Shot by Travis Sanheim.
12:18 of 2nd period - Stopped by Alexandar Georgiev without a rebound.
12:19 of 2nd period - Colton Sissons wins face-off versus Travis Boyd in OAKLAND GORILLAS zone.
12:33 of 2nd period - Off-side.
12:34 of 2nd period - Aleksander Barkov wins face-off versus William Nylander in neutral zone.
12:37 of 2nd period - Shot by Aleksander Barkov.
12:37 of 2nd period - Shot Misses the Net.
12:39 of 2nd period - Shot by Cameron York.
12:39 of 2nd period - Deflect By Mark Stone.
12:39 of 2nd period - Shot Misses the Net.
12:41 of 2nd period - Shot by Aleksander Barkov.
12:41 of 2nd period - Shot Blocked by Travis Sanheim.
12:43 of 2nd period - Shot by Aleksander Barkov.
12:43 of 2nd period - Stopped by Karel Vejmelka without a rebound.
12:44 of 2nd period - Patrice Bergeron wins face-off versus Morgan Geekie in SEATTLE GRUNGE zone.
13:41 of 2nd period - Minor Penalty to Kaiden Guhle for Roughing.
13:42 of 2nd period - Logan Couture wins face-off versus Curtis Lazar in SEATTLE GRUNGE zone.
13:43 of 2nd period - Shot by Jordan Kyrou.
13:43 of 2nd period - Stopped by Karel Vejmelka without a rebound.
13:44 of 2nd period - Curtis Lazar wins face-off versus Logan Couture in SEATTLE GRUNGE zone.
13:52 of 2nd period - Off-side.
13:53 of 2nd period - Logan Couture wins face-off versus Curtis Lazar in neutral zone.
14:47 of 2nd period - Icing by Jordan Kyrou.
14:48 of 2nd period - Logan Couture wins face-off versus Curtis Lazar in OAKLAND GORILLAS zone.
15:12 of 2nd period - Off-side.
15:13 of 2nd period - Aleksander Barkov wins face-off versus William Nylander in neutral zone.
15:45 of 2nd period - Icing by Kaiden Guhle.
15:46 of 2nd period - Patrik Laine wins face-off versus William Nylander in SEATTLE GRUNGE zone.
16:03 of 2nd period - Jordan Kyrou is hit by Kaiden Guhle.
16:06 of 2nd period - Minor Penalty to Radim Simek for Interference.
16:07 of 2nd period - Aleksander Barkov wins face-off versus Curtis Lazar in SEATTLE GRUNGE zone.
18:36 of 2nd period - Shot by William Nylander.
18:36 of 2nd period - Stopped by Alexandar Georgiev without a rebound.
18:37 of 2nd period - Aleksander Barkov wins face-off versus Matthew Poitras in OAKLAND GORILLAS zone.
18:37 of 2nd period - Aleksander Barkov is hit by Warren Foegele.
19:00 of 2nd period - Icing by Travis Sanheim.
19:01 of 2nd period - Logan Couture wins face-off versus Matthew Poitras in SEATTLE GRUNGE zone.
19:08 of 2nd period - Travis Sanheim is hit by Logan Couture and loses puck.
19:19 of 2nd period - Shot by Patrik Laine.
19:19 of 2nd period - Shot Misses the Net.
19:21 of 2nd period - Shot by Patrik Laine.
19:21 of 2nd period - Goal by Patrik Laine - SEATTLE GRUNGE : 0 - OAKLAND GORILLAS : 2.
19:22 of 2nd period - Sean Monahan wins face-off versus Aleksander Barkov in neutral zone.
19:22 of 2nd period - Sean Monahan is hit by Marcus Foligno.
19:26 of 2nd period - Aleksander Barkov is hit by Radim Simek and loses puck.
19:49 of 2nd period - Shot by Aleksander Barkov.
19:49 of 2nd period - Shot Blocked by Kaiden Guhle.
19:51 of 2nd period - Shot by Marcus Foligno.
19:51 of 2nd period - Shot Blocked by Sean Monahan.
Goals for this period are 0 for SEATTLE GRUNGE vs 1 for OAKLAND GORILLAS.
Shots for this period are 8 for SEATTLE GRUNGE vs 6 for OAKLAND GORILLAS.

3rd period


0:01 of 3rd period - Patrice Bergeron wins face-off versus Sean Monahan in neutral zone.
0:04 of 3rd period - Shot by Jared Spurgeon.
0:04 of 3rd period - Stopped by Karel Vejmelka without a rebound.
0:05 of 3rd period - Patrice Bergeron wins face-off versus Sean Monahan in SEATTLE GRUNGE zone.
0:05 of 3rd period - Jared Spurgeon is hit by Brett Kulak.
0:23 of 3rd period - Colton Sissons is hit by Travis Sanheim and loses puck.
0:41 of 3rd period - Patrice Bergeron is hit by Brett Kulak and loses puck.
1:30 of 3rd period - Shot by Jordan Kyrou.
1:30 of 3rd period - Shot Misses the Net.
1:50 of 3rd period - Shot by Jimmy Vesey.
1:50 of 3rd period - Shot Misses the Net.
2:08 of 3rd period - Shot by Travis Boyd.
2:08 of 3rd period - Stopped by Alexandar Georgiev with a rebound.
2:10 of 3rd period - Shot by Travis Boyd.
2:10 of 3rd period - Deflect By Jakub Vrana.
2:10 of 3rd period - Stopped by Alexandar Georgiev without a rebound.
2:11 of 3rd period - Curtis Lazar wins face-off versus Aleksander Barkov in OAKLAND GORILLAS zone.
4:05 of 3rd period - Icing by Hampus Lindholm.
4:06 of 3rd period - Logan Couture wins face-off versus Matthew Poitras in OAKLAND GORILLAS zone.
6:36 of 3rd period - Icing by Jared Spurgeon.
6:37 of 3rd period - Matthew Poitras wins face-off versus Patrice Bergeron in OAKLAND GORILLAS zone.
6:42 of 3rd period - Shot by Travis Sanheim.
6:42 of 3rd period - Stopped by Alexandar Georgiev without a rebound.
6:43 of 3rd period - Logan Couture wins face-off versus Matthew Poitras in OAKLAND GORILLAS zone.
7:16 of 3rd period - Brett Kulak is hit by Logan Couture and loses puck.
8:04 of 3rd period - Icing by Shayne Gostisbehere.
8:05 of 3rd period - Aleksander Barkov wins face-off versus Travis Boyd in OAKLAND GORILLAS zone.
10:09 of 3rd period - Logan Couture is hit by Radim Simek and loses puck.
10:16 of 3rd period - Shot by Patrik Laine.
10:16 of 3rd period - Stopped by Karel Vejmelka without a rebound.
10:17 of 3rd period - Sean Monahan wins face-off versus Aleksander Barkov in SEATTLE GRUNGE zone.
10:17 of 3rd period - Sean Monahan is hit by Aleksander Barkov.
10:22 of 3rd period - Off-side.
10:23 of 3rd period - Patrice Bergeron wins face-off versus Sean Monahan in neutral zone.
10:46 of 3rd period - Shot by William Nylander.
10:46 of 3rd period - Stopped by Alexandar Georgiev without a rebound.
10:47 of 3rd period - Aleksander Barkov wins face-off versus Matthew Poitras in OAKLAND GORILLAS zone.
10:47 of 3rd period - Aleksander Barkov is hit by Warren Foegele.
11:06 of 3rd period - Off-side.
11:07 of 3rd period - Patrice Bergeron wins face-off versus Sean Monahan in neutral zone.
11:23 of 3rd period - Icing by Travis Sanheim.
11:24 of 3rd period - Sean Monahan wins face-off versus Aleksander Barkov in SEATTLE GRUNGE zone.
11:57 of 3rd period - Shot by Sean Monahan.
11:57 of 3rd period - Stopped by Alexandar Georgiev with a rebound.
11:59 of 3rd period - Shot by William Nylander.
11:59 of 3rd period - Stopped by Alexandar Georgiev without a rebound.
12:00 of 3rd period - Patrice Bergeron wins face-off versus Matthew Poitras in OAKLAND GORILLAS zone.
12:23 of 3rd period - Shot by Warren Foegele.
12:23 of 3rd period - Stopped by Alexandar Georgiev without a rebound.
12:24 of 3rd period - Curtis Lazar wins face-off versus Logan Couture in OAKLAND GORILLAS zone.
12:35 of 3rd period - Shot by Logan Couture.
12:35 of 3rd period - Deflect By Patrik Laine.
12:35 of 3rd period - Stopped by Karel Vejmelka without a rebound.
12:36 of 3rd period - Patrice Bergeron wins face-off versus Sean Monahan in SEATTLE GRUNGE zone.
13:12 of 3rd period - Sean Monahan is hit by Jamie Oleksiak and loses puck.
13:42 of 3rd period - Off-side.
13:43 of 3rd period - Logan Couture wins face-off versus Travis Boyd in neutral zone.
15:21 of 3rd period - Shot by Marcus Foligno.
15:21 of 3rd period - Stopped by Karel Vejmelka with a rebound.
15:31 of 3rd period - Icing by Kaiden Guhle.
15:32 of 3rd period - Patrice Bergeron wins face-off versus Matthew Poitras in SEATTLE GRUNGE zone.
15:33 of 3rd period - Shot by Colton Sissons.
15:33 of 3rd period - Stopped by Karel Vejmelka without a rebound.
15:34 of 3rd period - Patrice Bergeron wins face-off versus Sean Monahan in SEATTLE GRUNGE zone.
15:55 of 3rd period - Icing by Sean Monahan.
15:56 of 3rd period - Logan Couture wins face-off versus Tyler Seguin in SEATTLE GRUNGE zone.
16:27 of 3rd period - William Nylander is hit by Jordan Kyrou and loses puck.
17:10 of 3rd period - Shot by Travis Boyd.
17:10 of 3rd period - Shot Misses the Net.
17:14 of 3rd period - Shot by Travis Boyd.
17:14 of 3rd period - Stopped by Alexandar Georgiev without a rebound.
17:15 of 3rd period - Patrice Bergeron wins face-off versus Matthew Poitras in OAKLAND GORILLAS zone.
17:26 of 3rd period - Shot by Matthew Poitras.
17:26 of 3rd period - Shot Blocked by Jamie Oleksiak.
17:28 of 3rd period - Shot by Radim Simek.
17:28 of 3rd period - Stopped by Alexandar Georgiev with a rebound.
17:38 of 3rd period - Shot by Morgan Geekie.
17:38 of 3rd period - Shot Misses the Net.
17:40 of 3rd period - Shot by Kaiden Guhle.
17:40 of 3rd period - Stopped by Alexandar Georgiev with a rebound.
17:42 of 3rd period - Shot by Matthew Poitras.
17:42 of 3rd period - Goal by Matthew Poitras - SEATTLE GRUNGE : 1 - OAKLAND GORILLAS : 2.
17:43 of 3rd period - Aleksander Barkov wins face-off versus Travis Boyd in neutral zone.
18:11 of 3rd period - Shot by Mark Stone.
18:11 of 3rd period - Stopped by Karel Vejmelka with a rebound.
18:21 of 3rd period - Shot by Jakub Vrana.
18:21 of 3rd period - Shot Misses the Net.
18:26 of 3rd period - Off-side.
18:27 of 3rd period - Patrice Bergeron wins face-off versus Matthew Poitras in neutral zone.
18:29 of 3rd period - Off-side.
18:30 of 3rd period - Matthew Poitras wins face-off versus Logan Couture in neutral zone.
18:35 of 3rd period - Shot by Morgan Geekie.
18:35 of 3rd period - Shot Misses the Net.
18:45 of 3rd period - Icing by Morgan Geekie.
18:46 of 3rd period - Matthew Poitras wins face-off versus Patrice Bergeron in SEATTLE GRUNGE zone.
19:09 of 3rd period - Shot by Colton Sissons.
19:09 of 3rd period - Shot Blocked by Radim Simek.
Goals for this period are 1 for SEATTLE GRUNGE vs 0 for OAKLAND GORILLAS.
Shots for this period are 11 for SEATTLE GRUNGE vs 6 for OAKLAND GORILLAS.


BLAKE
WHEELER
STEVEN
STAMKOS
DREW
DOUGHTY

EAST COAST

HOCKEY LEAGUE

  • 63.RHI2PIT5
  • 64.WOR4ATL3
  • 65.QUECHW
  • 66.CHATRV